[Event "Team 45 45 League T50"]
[Site "Internet Chess Club"]
[Date "2011.09.20"]
[Round "6"]
[White "BishopMike"]
[Black "OOB1"]
[Result "0-1"]
[WhiteElo "1369"]
[BlackElo "1453"]
[Opening "Sicilian defense"]
[ECO "B44"]
[Time "21:07:35"]
[TimeControl "2700+45"]

1. e4 c5 2. Nf3 Nc6 3. d4 cxd4 4. Nxd4 e6 5. Bc4 Nf6 6. Nc3 Bb4 7. O-O O-O 8.
Nce2 Nxe4 9. c3 Be7 10. Nf3 b6 11. Qc2 Nf6 12. Bg5 Bb7 13. Bd3 g6 14. Bh6 Re8
15. Rfe1 Ng4 16. Bf4 Bf6 17. h3 Nge5 18. Nxe5 Nxe5 19. Bb5 a6 20. Ba4 b5 21. Bb3
Nc6 22. a3 Rc8 23. Rad1 Na5 24. Ba2 Nc4 25. b3 Nxa3 26. Qd3 Bc6 27. Nd4 Bb7 28.
Bd6 b4 29. Bxb4 Bxd4 30. c4 Bc5 31. Bc3 a5 32. Qd2 Ra8 33. Qh6 Bf8 34. Qd2 Bc6
35. Re3 Bh6 36. Qd4 f6 37. Rg3 Bg7 38. h4 Qe7 39. Qd2 Be4 40. Bxa5 Bf8 41. b4
Nc2 42. Bb1 Nxb4 43. Bxe4 Rxa5 44. h5 Rxh5 45. Bxg6 hxg6 46. Rxg6+ Kf7 47. Rg3
Bh6 48. Qe2 Re5 49. Qb2 Rg8 50. Rf3 Reg5 51. g3 Bf8 52. c5 Nc6 53. Rf4 Ne5 54.
Rh4 Nf3+ 55. Kg2 Nxh4+ 56. Kf1 Nf3 57. Qc2 Ne5 58. Qh7+ R5g7 59. Qh5+ Rg6 60. f4
Ng4 61. Qh7+ R8g7 62. Qh5 Ne3+ 63. Ke2 Nxd1 64. Kxd1 Qxc5 65. Qe2 Rxg3 66. f5
Rg1+ 67. Kd2 R1g2 68. Qxg2 Rxg2+ 69. Kd1 Qg1# {White checkmated} 0-1

[Event "Team 45 45 League T50"]
[Site "Internet Chess Club"]
[Date "2011.09.18"]
[Round "6"]
[White "Morphys-GGS"]
[Black "Visin"]
[Result "1-0"]
[WhiteElo "1486"]
[BlackElo "1373"]
[Opening "Scotch gambit: Benima defense"]
[ECO "C44"]
[Time "13:00:24"]
[TimeControl "2700+45"]

1. e4 e5 2. Nf3 Nc6 3. d4 exd4 4. Bc4 Be7 5. c3 d6 6. cxd4 Na5 7. Bd3 Nc6 8. O-O
Bf6 9. Be3 Nge7 10. Nc3 O-O 11. Rc1 Bg4 12. Be2 Bxf3 13. Bxf3 Ng6 14. Nd5 Nb8
15. Nxc7 Nd7 16. Nxa8 Qxa8 17. Rc7 Nb6 18. Bg4 Re8 19. Qd3 Bd8 20. Rc2 d5 21. e5
Nc4 22. Rxc4 dxc4 23. Qxc4 Bb6 24. Rc1 Qd8 25. f4 Re7 26. Qc8 Re8 27. Qxd8 Rxd8
28. Rc8 Rxc8 29. Bxc8 Ne7 30. Bxb7 Nf5 31. Kf2 Nxd4 32. Bd5 g6 33. b3 h6 34.
Bxd4 Bxd4+ 35. Kf3 Kg7 36. g4 f6 37. e6 Kf8 38. b4 f5 39. h3 Bf6 40. b5 Ke7 41.
a4 Kd6 42. Bb3 Kc5 43. gxf5 gxf5 44. Bc2 Kb4 45. Ke2 Kc3 46. Bxf5 Kd4 47. Bd3
Kc5 48. Ke3 Kb4 49. Bc2 Kc3 50. Bd1 Kc4 51. Ke4 Kc5 52. Kf5 Bg5 {Black resigns}
1-0

[Event "Team 45 45 League T50"]
[Site "Internet Chess Club"]
[Date "2011.09.18"]
[Round "6"]
[White "reverendjim"]
[Black "TheronUAL"]
[Result "1-0"]
[WhiteElo "1380"]
[BlackElo "1564"]
[Opening "Caro-Kann defense"]
[ECO "B15"]
[Time "21:15:35"]
[TimeControl "2700+45"]

1. e4 c6 2. d4 d5 3. Nc3 dxe4 4. Nxe4 Nf6 5. Ng3 e6 6. Nf3 Nbd7 7. Bd3 Bd6 8.
Bg5 Qb6 9. Bxf6 Nxf6 10. Rb1 c5 11. dxc5 Bxc5 12. O-O O-O 13. Ne4 Nxe4 14. Bxe4
Rd8 15. Qe2 Bd7 16. Bd3 Bc6 17. Ne5 Qc7 18. Qh5 g6 19. Nxg6 fxg6 20. Qxc5 Rd5
21. Qe3 Qd6 22. Be4 Rh5 23. h3 Bxe4 24. Qxe4 Re5 25. Qxb7 Qf8 26. Qa6 Qc8 27.
Qxc8+ Rxc8 28. c3 Rd5 29. Rfe1 Re8 30. Rbd1 Kf7 31. Rxd5 exd5 32. Rxe8 Kxe8 33.
Kf1 Kd7 34. Ke2 Kd6 35. Ke3 Ke5 36. a4 h6 37. f4+ Kd6 38. Kd4 a6 39. g4 a5 40.
b4 axb4 41. cxb4 Kc6 42. b5+ Kb6 43. f5 gxf5 44. gxf5 {Black resigns} 1-0

[Event "Team 45 45 League T50"]
[Site "Internet Chess Club"]
[Date "2011.09.19"]
[Round "6"]
[White "Andressa"]
[Black "Oscar"]
[Result "1-0"]
[WhiteElo "1461"]
[BlackElo "1487"]
[Opening "Sicilian: closed, 2...Nc6"]
[ECO "B23"]
[Time "22:32:41"]
[TimeControl "2700+45"]

1. e4 c5 2. Nc3 Nc6 3. Nf3 d6 4. Bc4 Bg4 5. h3 Bh5 6. O-O Nf6 7. Be2 Bg6 8. d3
h6 9. Bf4 e5 10. Bd2 Be7 11. Nh4 Bh7 12. Nf5 Bxf5 13. exf5 Nd4 14. Bf3 Qd7 15.
g4 O-O-O 16. Nd5 Nxd5 17. Bxd5 Bh4 18. Be3 Nc6 19. a3 Kb8 20. Qf3 Rdf8 21. Rab1
g6 22. b4 gxf5 23. bxc5 Kc7 24. cxd6+ Qxd6 25. Bxc6 bxc6 26. Qxf5 a6 27. Bb6+
{Black resigns} 1-0

[Event "Team 45 45 League T50"]
[Site "Internet Chess Club"]
[Date "2011.09.18"]
[Round "6"]
[White "mrmarck"]
[Black "PANAMA-REY"]
[Result "0-1"]
[WhiteElo "1307"]
[BlackElo "1508"]
[Opening "QGD Slav: 4.e3"]
[ECO "D11"]
[Time "14:00:13"]
[TimeControl "2700+45"]

1. d4 d5 2. Nf3 Nf6 3. e3 c6 4. c4 Bg4 5. b3 Nbd7 6. Be2 e6 7. O-O Bd6 8. Nbd2
Rc8 9. Bb2 O-O 10. Re1 Bb8 11. Rc1 Qc7 12. Nf1 Rfe8 13. Ng5 Bf5 14. Ng3 h6 15.
Nxf5 Qxh2+ {White resigns} 0-1

[Event "Team 45 45 League T50"]
[Site "Internet Chess Club"]
[Date "2011.09.20"]
[Round "6"]
[White "Burbia"]
[Black "bowwrestler"]
[Result "1-0"]
[WhiteElo "1331"]
[BlackElo "1227"]
[Opening "Scandinavian: Pytel-Wade variation"]
[ECO "B01"]
[Time "17:03:24"]
[TimeControl "2700+45"]

1. e4 d5 2. exd5 Qxd5 3. Nc3 Qd6 4. d4 Nf6 5. Nf3 a6 6. Be3 b5 7. Be2 Bb7 8. O-O
e6 9. a3 Nbd7 10. Bd3 Be7 11. Qd2 O-O 12. Bf4 Qb6 13. Qe2 c5 14. dxc5 Nxc5 15.
Be3 Ng4 16. Bd4 Rfd8 17. b4 Bxf3 18. Bxc5 Bxe2 19. Bxb6 Bxf1 20. Bxd8 Bxd3 21.
Bxe7 Bxc2 22. Rc1 Bd3 23. Nd1 Ne5 24. Nb2 Bf5 25. h3 Ra7 26. Rc8# {Black
checkmated} 1-0

[Event "Team 45 45 League T50"]
[Site "Internet Chess Club"]
[Date "2011.09.15"]
[Round "6"]
[White "PT105"]
[Black "sockmonkey"]
[Result "1-0"]
[WhiteElo "1386"]
[BlackElo "1255"]
[Opening "Caro-Kann: exchange variation"]
[ECO "B13"]
[Time "14:00:03"]
[TimeControl "2700+45"]

1. e4 c6 2. d4 d5 3. exd5 cxd5 4. Nc3 e6 5. Nf3 Nd7 6. Bb5 a6 7. Bxd7+ Bxd7 8.
Ne5 Nf6 9. Bg5 Be7 10. O-O O-O 11. Qf3 Qb6 12. Nxd7 Nxd7 13. Bxe7 Rfe8 14. Bc5
Nxc5 15. dxc5 Qxc5 16. Rfe1 f6 17. Re2 b5 18. Rae1 Qc6 19. Nxd5 exd5 20. Rxe8+
Rxe8 21. Rxe8+ Qxe8 22. Qxd5+ Kh8 23. g3 Qg8 24. Qxg8+ Kxg8 25. Kf1 Kf7 26. Ke1
Ke6 27. Kd2 Kd5 28. Kc3 Kc5 29. b4+ Kb6 30. Kb3 Kc6 31. c4 h5 32. a4 g5 33.
cxb5+ axb5 34. axb5+ Kxb5 35. Kc3 Ka4 36. Kc4 g4 37. b5 f5 38. b6 Ka5 39. b7 f4
40. b8=Q Ka6 41. Kc5 {Black resigns} 1-0

[Event "Team 45 45 League T50"]
[Site "Internet Chess Club"]
[Date "2011.09.19"]
[Round "6"]
[White "Kheeljoi"]
[Black "room-matt"]
[Result "1-0"]
[WhiteElo "1733"]
[BlackElo "1683"]
[Opening "Vienna game"]
[ECO "C26"]
[Time "09:32:51"]
[TimeControl "2700+45"]

1. e4 e5 2. Bc4 Nf6 3. Nc3 Bb4 4. a3 Bc5 5. Nf3 d6 6. O-O c6 7. d4 exd4 8. Nxd4
b5 9. Ba2 Qb6 10. Be3 Qc7 11. b4 Bb6 12. Ndxb5 cxb5 13. Nxb5 Qc6 14. Nxd6+ Ke7
15. Nxf7 Bg4 16. Qd2 Rc8 17. e5 Ne4 18. Bg5+ Ke8 19. Qf4 Bh5 20. Nd6+ Nxd6 21.
exd6 Kd7 22. Qf5+ Kxd6 23. Bf4+ {Black resigns} 1-0

[Event "Team 45 45 League T50"]
[Site "Internet Chess Club"]
[Date "2011.09.18"]
[Round "6"]
[White "Just-Jim"]
[Black "dschesq"]
[Result "0-1"]
[WhiteElo "1316"]
[BlackElo "1656"]
[Opening "French: advance variation"]
[ECO "C02"]
[Time "18:00:37"]
[TimeControl "2700+45"]

1. e4 e6 2. d4 d5 3. e5 c5 4. c3 Nc6 5. Bb5 Bd7 6. Bxc6 bxc6 7. Nf3 cxd4 8. cxd4
Ne7 9. O-O Nf5 10. h3 c5 11. g4 Nxd4 12. Nxd4 cxd4 13. Qxd4 Rc8 14. Nd2 Bb5 15.
Re1 Bc5 16. Qf4 Qh4 17. Qf3 O-O 18. Nb3 Bb6 19. Be3 Bxe3 20. Qxe3 Rc2 21. Rab1
Rc4 22. Nd4 Bd7 23. Kh2 f5 24. Nf3 Qd8 25. g5 Qa5 26. a3 Rfc8 27. Nd4 Qb6 28.
Nb3 d4 29. Qd3 Ba4 30. Nd2 Rc2 31. Kg1 Bb5 32. Qf3 Rxd2 33. Rbc1 Bc6 34. Qg3 Qb7
35. b4 Be4 36. Rxc8+ Qxc8 37. Qf4 Qc2 38. g6 hxg6 39. Qg5 Kf7 40. Qd8 Qc6 41.
Qd6 Bh1 42. Qb8 Qg2# {White checkmated} 0-1

[Event "Team 45 45 League T50"]
[Site "Internet Chess Club"]
[Date "2011.09.15"]
[Round "6"]
[White "nanning"]
[Black "IanT"]
[Result "1-0"]
[WhiteElo "1535"]
[BlackElo "1395"]
[Opening "Réti: King's Indian attack"]
[ECO "A08"]
[Time "08:00:13"]
[TimeControl "2700+45"]

1. Nf3 d5 2. g3 c5 3. Bg2 e6 4. O-O Nc6 5. d3 Nf6 6. Nbd2 Bd6 7. e4 dxe4 8. dxe4
O-O 9. Re1 e5 10. Nc4 Bc7 11. Bg5 h6 12. Bxf6 Qxf6 13. Ne3 Be6 14. c3 Rad8 15.
Qe2 Rfe8 16. Qb5 Bb6 17. Nc4 Bxc4 18. Qxc4 Qg6 19. Qe2 f5 20. Nh4 Qf6 21. exf5
Bc7 22. Qb5 Bb6 23. Rad1 Rb8 24. Rd7 Re7 25. Red1 Rxd7 26. Rxd7 Ne7 27. Qc4+ Kh7
28. Qe6 Ng8 29. Bd5 Rd8 30. Rxd8 Bxd8 31. Qxg8# {Black checkmated} 1-0

[Event "Team 45 45 League T50"]
[Site "Internet Chess Club"]
[Date "2011.09.17"]
[Round "6"]
[White "Duguesclin"]
[Black "PJ"]
[Result "0-1"]
[WhiteElo "1732"]
[BlackElo "1841"]
[Opening "King's Indian: Four pawns attack, dynamic line"]
[ECO "E76"]
[Time "09:00:36"]
[TimeControl "2700+45"]

1. d4 Nf6 2. c4 g6 3. Nc3 Bg7 4. e4 d6 5. f4 O-O 6. Nf3 c5 7. d5 Nbd7 8. Bd3 e5
9. fxe5 Nxe5 10. Nxe5 dxe5 11. O-O Ne8 12. Be3 b6 13. g4 Nd6 14. g5 f5 15. gxf6
Rxf6 16. Qd2 Bh3 17. Rf2 Rxf2 18. Qxf2 Qd7 19. Qh4 h6 20. Bxh6 Bxh6 21. Qxh6
Qg4+ 22. Kf2 Rf8+ 23. Ke3 Nf7 24. Be2 Nxh6 25. Bxg4 Bxg4 26. Rg1 Rf3+ 27. Kd2
Rf2+ 28. Kc1 Kg7 29. h4 Bd7 30. h5 Ng4 31. hxg6 Ne3 32. Nb5 Rc2+ 33. Kb1 Rxc4
34. Nd6 Rd4 35. b3 Rd1+ 36. Rxd1 Nxd1 37. Kc2 Nf2 38. Nf7 Ng4 39. Nd8 Kxg6 40.
Nc6 a5 41. Kd3 Kf6 42. Nb8 Bb5+ 43. Kd2 Ke7 44. a4 Be8 45. Kd3 Kd6 46. Na6 Nf6
47. Nb8 Bg6 48. Kc4 Bxe4 49. Kb5 Nxd5 50. Na6 Bd3# {White checkmated} 0-1

[Event "Team 45 45 League T50"]
[Site "Internet Chess Club"]
[Date "2011.09.18"]
[Round "6"]
[White "Portola"]
[Black "aphort0212"]
[Result "1-0"]
[WhiteElo "1791"]
[BlackElo "1608"]
[Opening "Queen's bishop game"]
[ECO "D02"]
[Time "18:28:28"]
[TimeControl "2700+45"]

1. d4 d5 2. Nf3 Nf6 3. Bf4 e6 4. e3 c5 5. c3 Nc6 6. Bd3 c4 7. Bc2 Be7 8. Nbd2
O-O 9. Qe2 b5 10. a3 Bb7 11. h3 a5 12. O-O b4 13. Rfb1 b3 14. Bd1 Na7 15. Ne5
Nc8 16. Qf1 Nd6 17. Bf3 Rc8 18. Rd1 Nfe4 19. Nxe4 Nxe4 20. Bxe4 dxe4 21. Qe2 f6
22. Ng4 h5 23. Nh6+ gxh6 24. Bxh6 Rf7 25. Qxh5 Rh7 26. Qg4+ Kh8 27. Bf4 f5 28.
Qg6 Qd7 29. Be5+ Bf6 30. Bxf6+ Rg7 31. Bxg7+ Qxg7 32. Qxe6 Rg8 33. g3 Bc8 34.
Qe5 Kh7 35. Qxg7+ Rxg7 36. d5 Rd7 37. Rd4 Ba6 38. Rad1 Rd6 39. Kg2 Kg6 40. f3
exf3+ 41. Kxf3 Kg5 42. h4+ Kg6 43. Kf4 Bb5 44. e4 fxe4 45. Kxe4 {Black resigns}
1-0

[Event "Team 45 45 League T50"]
[Site "Internet Chess Club"]
[Date "2011.09.17"]
[Round "6"]
[White "Oscar"]
[Black "rubo"]
[Result "0-1"]
[WhiteElo "1506"]
[BlackElo "1639"]
[Opening "King's Indian: Torre attack"]
[ECO "A48"]
[Time "23:00:38"]
[TimeControl "2700+45"]

1. d4 Nf6 2. Nf3 g6 3. Bg5 Bg7 4. Nbd2 d5 5. e3 Bg4 6. Be2 Nbd7 7. h3 Bxf3 8.
Bxf3 c6 9. c3 O-O 10. Qc2 e5 11. O-O-O exd4 12. exd4 Qa5 13. Kb1 Rfe8 14. Be3 b5
15. Nb3 Qa4 16. Nc5 Nxc5 17. dxc5 Ne4 18. Rhe1 Rab8 19. Rd3 Nxc5 20. Qxa4 Nxa4
21. Re2 Rb7 22. Bd4 Rxe2 23. Bxe2 Re7 24. Re3 Rxe3 25. fxe3 Bxd4 26. exd4 f5 27.
Kc2 Nb6 28. b3 a6 29. g3 h5 30. Kd2 Kg7 31. Ke3 Kf6 32. Bf3 a5 33. h4 a4 34. Bd1
axb3 35. axb3 Nc8 36. Be2 Nd6 37. Bf3 Ne4 38. Bxe4 fxe4 39. c4 Kf5 40. cxb5 cxb5
41. Kf2 b4 42. Ke2 Kg4 43. Kf2 Kh3 {White resigns} 0-1

[Event "Team 45 45 League T50"]
[Site "Internet Chess Club"]
[Date "2011.09.16"]
[Round "6"]
[White "AtomicDog"]
[Black "drsigmund1"]
[Result "0-1"]
[WhiteElo "1436"]
[BlackElo "1442"]
[Opening "Ruy Lopez: Wormald (Alapin) attack"]
[ECO "C77"]
[Time "13:03:37"]
[TimeControl "2700+45"]

1. e4 e5 2. Nf3 Nc6 3. Bb5 a6 4. Ba4 Nf6 5. Qe2 b5 6. Bb3 Bc5 7. d3 h6 8. c3 d6
9. O-O O-O 10. Be3 Bxe3 11. fxe3 a5 12. Nbd2 a4 13. Bc2 Be6 14. d4 Bg4 15. Qxb5
Bxf3 16. Qxc6 Be2 17. Rf2 Ra6 18. Qb7 Rb6 19. Qxb6 cxb6 20. Rxe2 b5 21. Rf1 Nd7
22. b3 Qa5 23. bxa4 bxa4 24. Nc4 Qxc3 25. Nxd6 exd4 26. Bxa4 Ne5 27. Bb3 d3 28.
Ref2 d2 29. Kh1 Qd3 30. Nxf7 Nxf7 31. Rd1 Qxe3 32. Rfxd2 Kh7 33. Rd7 Ne5 34. Re7
Qe2 {White resigns} 0-1

[Event "Team 45 45 League T50"]
[Site "Internet Chess Club"]
[Date "2011.09.17"]
[Round "6"]
[White "snottgoblin"]
[Black "chiiwen"]
[Result "1/2-1/2"]
[WhiteElo "2048"]
[BlackElo "2210"]
[Opening "English: Caro-Kann defensive system"]
[ECO "A11"]
[Time "22:12:47"]
[TimeControl "2700+45"]

1. c4 c6 2. Nf3 Nf6 3. g3 d5 4. cxd5 cxd5 5. d4 Nc6 6. Bg2 e6 7. O-O Bd6 8. Nc3
a6 9. Re1 O-O 10. Bg5 Be7 11. e4 dxe4 12. Nxe4 Nxe4 13. Bxe7 Nxe7 14. Rxe4 b5
15. Rc1 Bb7 16. Re2 Rc8 17. Rec2 Rxc2 18. Rxc2 Nf5 19. Rd2 Qd6 20. a4 Rd8 21.
axb5 axb5 22. d5 Bxd5 23. Ng5 Qe7 24. h4 Qb7 25. Be4 h6 26. Nh3 Ne7 27. Nf4 Rd7
28. h5 Bc6 29. Bxc6 Rxd2 30. Qxd2 Nxc6 31. Qd6 Qa8 32. b4 Qe8 33. Qc5 Ne7 34.
Kf1 Qd7 35. Kg1 Nd5 36. Nd3 Nf6 37. Ne5 Qd1+ 38. Kh2 Qxh5+ 39. Kg2 Ng4 40. Nxg4
Qxg4 41. Qxb5 Qe4+ 42. Kh2 Qd4 43. Kg1 Qd1+ 44. Kh2 {Game drawn by mutual
agreement} 1/2-1/2

[Event "Team 45 45 League T50"]
[Site "Internet Chess Club"]
[Date "2011.09.15"]
[Round "6"]
[White "imgr8"]
[Black "FourKnights"]
[Result "1-0"]
[WhiteElo "2127"]
[BlackElo "1718"]
[Opening "Caro-Kann: Panov-Botvinnik attack"]
[ECO "B13"]
[Time "19:06:54"]
[TimeControl "2700+45"]

1. c4 c6 2. e4 d5 3. exd5 cxd5 4. d4 e6 5. Nf3 Nf6 6. Nc3 Be7 7. cxd5 Nxd5 8.
Bd3 Nc6 9. O-O O-O 10. a3 a6 11. Qe2 Re8 12. Rd1 Qc7 13. Qe4 Nf6 14. Qh4 g6 15.
Bf4 Qa5 16. Bg5 Nh5 17. Bxe7 Nxe7 18. Ne4 Nf5 19. Qh3 Nf4 20. Nf6+ Kf8 21. Qxh7
Rd8 22. Ne5 Qc7 23. Qg8+ Ke7 24. Qxf7+ Kd6 25. Ne4+ Kd5 26. Qxc7 {Black resigns}
1-0

[Event "Team 45 45 League T50"]
[Site "Internet Chess Club"]
[Date "2011.09.18"]
[Round "6"]
[White "Chess-Dream"]
[Black "chess9793"]
[Result "1-0"]
[WhiteElo "2084"]
[BlackElo "2089"]
[Opening "Grünfeld: Stockholm variation"]
[ECO "D80"]
[Time "16:02:11"]
[TimeControl "2700+45"]

1. d4 Nf6 2. c4 g6 3. Nc3 d5 4. Bg5 Ne4 5. Bh4 Nxc3 6. bxc3 dxc4 7. Qa4+ Qd7 8.
Qxc4 b6 9. Nf3 Bg7 10. e3 Ba6 11. Qb3 Bxf1 12. Kxf1 O-O 13. Ke2 c5 14. Rhd1 cxd4
15. cxd4 Nc6 16. Qb5 Nxd4+ 17. Nxd4 Qg4+ 18. Nf3 Bxa1 19. Rxa1 Qxg2 20. Rg1 Qh3
21. Bxe7 Rfc8 22. Nd4 Qxh2 23. Qg5 h6 24. Qg4 b5 25. Rg3 Rc1 26. Rh3 Qe5 27. Qh4
h5 28. Bf6 Qd5 29. Qf4 Kh7 30. Be5 Qxa2+ 31. Kf3 Rac8 32. Qf6 Qd5+ 33. e4 R8c3+
34. Kf4 Qxe5+ 35. Kxe5 Rxh3 36. Qxf7+ Kh6 37. Qf4+ g5 38. Nf5+ Kg6 39. Qxc1 h4
40. Qc6+ Kh5 41. Qh6+ Kg4 42. Ne3+ Kf3 43. Qxg5 Kxf2 44. Qg2+ Kxe3 45. Qxh3+ Kd2
46. Kd4 b4 47. Qh2+ Kc1 48. Kd3 Kb1 49. Qc2+ Ka1 50. Kc4 a5 51. Kb3 a4+ 52. Kxa4
h3 53. Kb3 h2 54. Qa2# {Black checkmated} 1-0

[Event "Team 45 45 League T50"]
[Site "Internet Chess Club"]
[Date "2011.09.18"]
[Round "6"]
[White "gaibo4ever"]
[Black "Legal"]
[Result "1-0"]
[WhiteElo "2177"]
[BlackElo "1994"]
[Opening "Scandinavian defense, Lasker variation"]
[ECO "B01"]
[Time "20:49:05"]
[TimeControl "2700+45"]

1. e4 d5 2. exd5 Nf6 3. d4 Qxd5 4. Nc3 Qa5 5. Nf3 Bg4 6. h3 Bh5 7. g4 Bg6 8. Ne5
Ne4 9. Nxg6 hxg6 10. Bg2 Nd6 11. Bd2 c6 12. Ne4 Qd8 13. Bf4 e6 14. Qe2 Nxe4 15.
Qxe4 Bd6 16. Be5 Bxe5 17. dxe5 Nd7 18. O-O-O Qa5 19. Kb1 O-O-O 20. f4 Nc5 21.
Qc4 Rxd1+ 22. Rxd1 Rd8 23. Rxd8+ Qxd8 24. a3 Nd7 25. b4 Nb6 26. Qc5 Qd1+ 27. Ka2
Nd5 28. Bxd5 Qxd5+ 29. Qxd5 cxd5 30. Kb3 b5 31. Kc3 Kc7 32. Kd4 Kc6 33. h4 Kb6
34. Ke3 Kc6 35. Kf3 a6 36. h5 gxh5 37. gxh5 Kd7 38. Kg4 Ke7 39. Kg5 Ke8 40. h6
gxh6+ 41. Kxh6 Kd8 42. Kg5 Ke7 43. f5 d4 44. f6+ Kf8 45. Kf4 Ke8 46. Ke4 Kd7 47.
Kxd4 Kc6 48. c4 bxc4 49. Kxc4 Kb6 50. a4 Kc6 51. b5+ axb5+ 52. axb5+ Kb6 53. Kb4
Kb7 54. Kc5 Kc7 55. b6+ Kb7 56. Kb5 Kb8 57. Kc6 Kc8 58. Kd6 Kb7 59. Ke7 {Black
resigns} 1-0

[Event "Team 45 45 League T50"]
[Site "Internet Chess Club"]
[Date "2011.09.19"]
[Round "6"]
[White "MOchess-boy"]
[Black "leland"]
[Result "1-0"]
[WhiteElo "1820"]
[BlackElo "1828"]
[Opening "Grünfeld: 5.Bg5"]
[ECO "D91"]
[Time "22:10:36"]
[TimeControl "2700+45"]

1. d4 Nf6 2. c4 g6 3. Nc3 d5 4. Nf3 Bg7 5. Bg5 c6 6. e3 Bg4 7. Qb3 Qd7 8. Ne5
Qc8 9. Bxf6 exf6 10. Nxg4 h5 11. cxd5 hxg4 12. dxc6 Nxc6 13. Rc1 a6 14. Na4 Qb8
15. Nc5 b5 16. Nxa6 Rxa6 17. Bxb5 Rb6 18. Bxc6+ Kf8 19. Qa3+ Kg8 20. g3 Bf8 21.
Qa8 Rxb2 22. Qxb8 Rxb8 23. O-O Bd6 24. a4 Rb6 25. Bd7 f5 26. Ra1 Ra6 27. Rfb1
Kg7 28. Rb7 Kf6 29. Bb5 Ra5 30. Rc1 Rd8 31. Rc6 Kg5 32. Rxf7 Raa8 33. Ba6 Rab8
34. Bb7 Bb4 35. Rg7 Rd6 36. Rxd6 Bxd6 37. a5 Rd8 38. a6 Kf6 39. Rh7 g5 40. Rh6+
Kg7 41. Rxd6 Rxd6 42. a7 {Black resigns} 1-0

[Event "Team 45 45 League T50"]
[Site "Internet Chess Club"]
[Date "2011.09.17"]
[Round "6"]
[White "chess9397"]
[Black "Innes"]
[Result "0-1"]
[WhiteElo "1790"]
[BlackElo "1774"]
[Opening "Ruy Lopez: Schliemann defense, Berger variation"]
[ECO "C63"]
[Time "16:00:26"]
[TimeControl "2700+45"]

1. e4 e5 2. Nf3 Nc6 3. Bb5 f5 4. Nc3 Nf6 5. exf5 d6 6. O-O Be7 7. d4 O-O 8. d5
Nb8 9. Nh4 a6 10. Bd3 c6 11. dxc6 Nxc6 12. f4 e4 13. Bc4+ Kh8 14. Re1 Na5 15.
Bb3 Nxb3 16. axb3 d5 17. Re3 Bc5 18. Qe1 Bxe3+ 19. Qxe3 d4 20. Qh3 dxc3 21. Ng6+
Kg8 22. Ne5 Qd1+ 23. Kf2 Qxc2+ 24. Kg3 cxb2 25. Bxb2 Qxb3+ {White resigns} 0-1

[Event "Team 45 45 League T50"]
[Site "Internet Chess Club"]
[Date "2011.09.18"]
[Round "6"]
[White "LazyPeon"]
[Black "katikus"]
[Result "0-1"]
[WhiteElo "1716"]
[BlackElo "1770"]
[Opening "Caro-Kann: Panov-Botvinnik attack, 5...e6"]
[ECO "B14"]
[Time "14:01:46"]
[TimeControl "2700+45"]

1. e4 c6 2. d4 d5 3. exd5 cxd5 4. c4 Nf6 5. Nc3 e6 6. Nf3 Nc6 7. cxd5 Nxd5 8.
Bd3 Be7 9. a3 O-O 10. O-O Bf6 11. Re1 Qb6 12. Na4 Qc7 13. Bg5 Bxg5 14. Nxg5 Qf4
15. Bxh7+ Kh8 16. Qh5 Nf6 17. Nxf7+ Rxf7 18. Qxf7 Kxh7 19. Re3 e5 20. Rf3 Qh6
21. d5 Nd4 22. Rd3 Bf5 23. Rdd1 Bg6 24. Qxb7 Bc2 25. Qxa8 Bxa4 26. Rd3 Ne2+ 27.
Kh1 Ng4 28. h4 Qxh4+ 29. Rh3 Nxf2+ 30. Kh2 Nxh3 31. g3 Qxg3+ {White resigns} 0-1

[Event "Team 45 45 League T50"]
[Site "Internet Chess Club"]
[Date "2011.09.16"]
[Round "6"]
[White "whiskeytown"]
[Black "ticopatzer"]
[Result "0-1"]
[WhiteElo "1429"]
[BlackElo "1672"]
[Opening "Ruy Lopez: Berlin defense, Rosenthal variation"]
[ECO "C67"]
[Time "17:02:26"]
[TimeControl "2700+45"]

1. e4 e5 2. Nf3 Nc6 3. Bb5 Nf6 4. O-O Nxe4 5. d4 a6 6. Bxc6 dxc6 7. dxe5 Qxd1 8.
Rxd1 Bc5 9. Re1 Bxf2+ 10. Kf1 Bxe1 11. Kxe1 Bg4 12. h3 Bh5 13. g4 Bg6 14. c3
O-O-O 15. Na3 Rhe8 16. Bf4 Rd3 17. Nd4 Rxh3 18. Ke2 Nc5 19. Rd1 h5 20. Bg5 Rxe5+
{White resigns} 0-1

[Event "Team 45 45 League T50"]
[Site "Internet Chess Club"]
[Date "2011.09.17"]
[Round "6"]
[White "Dracoac"]
[Black "alaskauk"]
[Result "1-0"]
[WhiteElo "1603"]
[BlackElo "1522"]
[Opening "QGD Slav: 3.Nf3"]
[ECO "D11"]
[Time "10:17:35"]
[TimeControl "2700+45"]

1. Nf3 c6 2. d4 d5 3. c4 Nf6 4. Qb3 Qb6 5. c5 Qxb3 6. axb3 g6 7. Nc3 Bg7 8. e3
O-O 9. b4 Re8 10. b5 Bd7 11. b4 Rc8 12. Na4 Be8 13. Nb6 Nbd7 14. Nxc8 Rxc8 15.
Rxa7 Rb8 16. b6 Ne4 17. Bd2 Bh6 18. b5 Nf8 19. bxc6 Bxc6 20. Ne5 Be8 21. Bd3
Nxd2 22. Kxd2 Ne6 23. Kc3 f6 24. Nf3 Nd8 25. Rha1 Kf7 26. Ra8 Rxa8 27. Rxa8 Nc6
28. Bb5 e6 29. Rc8 {Black resigns} 1-0

[Event "Team 45 45 League T50"]
[Site "Internet Chess Club"]
[Date "2011.09.16"]
[Round "6"]
[White "tightfist"]
[Black "rookmaster23"]
[Result "0-1"]
[WhiteElo "1528"]
[BlackElo "1518"]
[Opening "King's Indian: fianchetto, classical variation"]
[ECO "E67"]
[Time "20:01:11"]
[TimeControl "2700+45"]

1. c4 Nf6 2. d4 g6 3. Nc3 Bg7 4. g3 O-O 5. Bg2 d6 6. Nf3 Nbd7 7. O-O e5 8. e3
Re8 9. Nd2 a6 10. b4 Rb8 11. Bb2 exd4 12. exd4 b5 13. a3 Bb7 14. Bxb7 Rxb7 15.
c5 dxc5 16. bxc5 Nf8 17. Qf3 Rb8 18. Ne2 Ne6 19. Rad1 Nh5 20. Nb3 Ng5 21. Qd3
Qd5 22. f3 Qc4 23. Nbc1 Qxd3 24. Rxd3 Rbd8 25. Kg2 Ne6 26. Bc3 Nxc5 27. Rd2 Na4
28. Bb4 c5 29. Ba5 Rd7 30. dxc5 Rxd2 31. Bxd2 Nxc5 32. Bb4 Nd3 33. Nxd3 Rxe2+
34. Rf2 Rxf2+ 35. Nxf2 Bf8 36. Nd3 Nf6 37. Ne5 Bxb4 38. axb4 Nd5 39. Nd3 Kf8 40.
Kf2 Ke7 41. Ke2 Kd6 42. h4 f6 43. Kd2 Kc6 44. Ke2 Kb6 45. Kd2 a5 46. bxa5+ Kxa5
47. Nb2 Kb4 48. Kc2 Ne3+ 49. Kc1 Kc3 50. g4 h5 51. gxh5 gxh5 52. f4 Ng2 53. Nd1+
Kb3 54. f5 Nxh4 55. Ne3 Nf3 56. Nd5 Nd4 57. Nxf6 h4 58. Ne4 Nxf5 59. Nf2 Nd4 60.
Kb1 Nf3 61. Nh3 Nd2+ 62. Kc1 Kc3 63. Nf4 Nf3 64. Nd5+ Kb3 65. Nf4 Ng5 66. Nd3
Kc3 67. Nf2 b4 68. Nd1+ Kd3 69. Nf2+ Ke2 70. Ng4 Kf3 71. Nh2+ Kg2 72. Ng4 h3 73.
Ne3+ Kf3 74. Nf1 Kf2 75. Nh2 Kg2 76. Ng4 Kg3 77. Ne3 Nf3 78. Kb2 Nd2 79. Kc2 h2
80. Kxd2 h1=Q 81. Kc2 Qe4+ 82. Kd2 b3 83. Nd1 Qd4+ 84. Kc1 Qc4+ 85. Kd2 Qc2+ 86.
Ke1 b2 87. Nxb2 Qxb2 88. Kd1 Kf3 {White resigns} 0-1

[Event "Team 45 45 League T50"]
[Site "Internet Chess Club"]
[Date "2011.09.19"]
[Round "6"]
[White "pauliewoll"]
[Black "Killian"]
[Result "1/2-1/2"]
[WhiteElo "1670"]
[BlackElo "1770"]
[Opening "Sicilian: closed, Korchnoi variation"]
[ECO "B23"]
[Time "14:07:34"]
[TimeControl "2700+45"]

1. e4 c5 2. Nc3 e6 3. g3 d5 4. Bg2 Nf6 5. exd5 exd5 6. Nge2 d4 7. Ne4 Nc6 8. d3
Be7 9. O-O Nd5 10. Nf4 Nxf4 11. Bxf4 O-O 12. Qh5 f5 13. Nd2 g5 14. Bxc6 bxc6 15.
Be5 Be6 16. Rfe1 Bd5 17. c4 dxc3 18. bxc3 Bf6 19. Nf3 g4 20. Bxf6 Qxf6 21. Qg5+
Qxg5 22. Nxg5 c4 23. dxc4 Bxc4 24. Re7 h6 25. Ne6 Rf7 26. Rxf7 Kxf7 27. Nd4 Kf6
28. Nxc6 Rc8 29. Nd4 Bd5 30. a3 Rxc3 31. Nb5 Rb3 32. Nxa7 Rb7 33. Nc8 Rb8 34.
Rc1 Be6 35. Na7 Rb3 36. Ra1 {Game drawn by mutual agreement} 1/2-1/2